 Dungeon Crawl Stone Soup version 0.23.2-1-ga50397a (webtiles) character file.

Game seed: 4245566847608377558

427 MalarOregon the Grave Robber (level 6, 0/42 (45) HPs)
             Began as a Ghoul Necromancer on May 26, 2019.
             Slain by an orc
             ... wielding a +0 morningstar
              (10 damage)
             ... on level 4 of the Dungeon.
             The game lasted 00:08:48 (4725 turns).

MalarOregon the Grave Robber (Ghoul Necromancer)    Turns: 4725, Time: 00:08:49

HP:   0/42 (45)     AC:  2    Str: 12    XL:     6   Next: 97%
MP:   10/10         EV: 12    Int: 12    God:
Gold: 158           SH:  0    Dex:  9    Spells: 8/12 levels left

rFire    . . .     SeeInvis .   r - +1 whip (venom)
rCold    + . .     Gourm    .   (no shield)
rNeg     + + +     Faith    .   a - +0 robe
rPois    ∞         Spirit   .   (no helmet)
rElec    .         Reflect  .   (no cloak)
rCorr    .         Harm     .   (no gloves)
MR       .....                  (no boots)
Stlth    +++.......             (no amulet)
HPRegen  0.00/turn              (no ring)
MPRegen  0.12/turn              (no ring)

@: rotting
A: rotting body, claws 1, carnivore, cold resistance 1, negative energy
resistance 3, inhibited regeneration, torment resistance, unbreathing
a: no special abilities


You were on level 4 of the Dungeon.
You were near starving.

You visited 1 branch of the dungeon, and saw 4 of its levels.

You collected 158 gold pieces.

Inventory:

Hand Weapons
 r - a +1 whip of venom (weapon)
   (You took it off a kobold on level 3 of the Dungeon)
Missiles
 k - 54 sling bullets
 l - 18 arrows
 m - 15 stones (quivered)
Armour
 a - a +0 robe (worn)
Scrolls
 b - 7 scrolls of remove curse {unknown}
 d - a scroll of teleportation {unknown}
 f - 2 scrolls of magic mapping {unknown}
 g - 3 scrolls of identify {unknown}
 n - a scroll of blinking {unknown}
 p - a scroll of enchant weapon {unknown}
Potions
 c - 2 potions of invisibility {unknown}
 h - a potion of haste {unknown}
 i - a potion of curing {unknown}
 o - a potion of mutation {unknown}
 q - a potion of agility {unknown}
Comestibles
 e - 7 rations {!d}


   Skills:
 - Level 2.0 Dodging
 + Level 5.1 Stealth
 + Level 3.7 Spellcasting
 + Level 5.6 Necromancy


You had 8 spell levels left.
You knew the following spells:

 Your Spells              Type           Power        Failure   Level  Hunger
a - Pain                  Necr           ###.         2%          1    #......
q - Vampiric Draining     Necr           ###.......   7%          3    ###....

Your spell library contained the following spells:

 Spells                   Type           Power        Failure   Level  Hunger
 Animate Skeleton         Necr           N/A          2%          1    #......
 Regeneration             Chrm/Necr      #.........   22%         3    ###....
 Animate Dead             Necr           N/A          22%         4    #####..


Dungeon Overview and Level Annotations

Branches:
Dungeon (4/15)
 Temple: D:4-7

Altars:
Hepliaklqana
Yredelemnul


Innate Abilities, Weirdness & Mutations

Your body is rotting away.
You thrive on raw meat.
You are immune to poison.
You have sharp fingernails.
You are carnivorous and can eat meat at any time.
Your flesh is cold resistant. (rC+)
You are immune to negative energy. (rN+++)
You do not regenerate when monsters are visible.
You are immune to unholy pain and torment.
You can survive without breathing.


Message History

Done exploring.
You feel your flesh rotting away.
There is an open door here.
You feel your flesh rotting away.
There is a stone staircase leading down here.
You climb downwards.
An orc wizard comes into view. It is wielding a +0 dagger.
There is a stone staircase leading up here.
You see here a tomahawk.
An orc comes into view. It is wielding a +0 club.
The orc shouts!
The orc wizard shouts!
You hear a shout!
An orc comes into view. It is wielding a +0 morningstar.
Found a ration.
The orc wizard hits you with a +0 dagger.
The orc throws a tomahawk of dispersal.
The tomahawk of dispersal hits you.
You blink.
The orc wizard casts a cantrip, but nothing happens.
There is an escape hatch in the ceiling here.
The orc throws a tomahawk of dispersal.
The tomahawk of dispersal hits you.
You blink.
The orc hits you with a +0 club.
The orc wizard looks braver for a moment.
You barely miss the orc wizard. The orc closely misses you.
The orc wizard hits you but does no damage.
You whack the orc wizard!
The orc wizard is poisoned.
The orc wizard casts a spell at you. The puff of flame hits you!
The orc hits you with a +0 club.
You hit the orc.
The orc wizard hits you but does no damage.
The orc barely misses you.
You hit the orc.
You kill the orc!
The orc barely misses you. The orc wizard casts a spell at you.
The puff of flame hits you.
* * * LOW HITPOINT WARNING * * *
An orc comes into view. It is wielding a +0 flail.
The orc shouts!
You hit the orc.
The orc is poisoned.
The orc wizard hits you but does no damage.
The orc closely misses you.
The orc throws a tomahawk.
The tomahawk hits you.
* * * LOW HITPOINT WARNING * * *
You completely miss the orc.
The orc wizard points at you and mumbles some strange words.
The magic dart hits you.
* * * LOW HITPOINT WARNING * * *
The orc throws a tomahawk.
The tomahawk hits you but does no damage.
The orc hits you with a +0 morningstar!
You die...

....... %.....
.....####.....>......
.....#.#.............
#................%.
##...............o.
##..................
#........[..........
##.....o.....o......
###..@)............
#....o............
##..<.............
#.................
#[.(<..........##.
#............#.#
#..........###..#
#...........# ..
#....#####.....#


You could see an orc wizard and 2 orcs.

Vanquished Creatures
  An ice beast (D:2)
  An ogre (D:3)
  An orc priest (D:2)
  Terence (D:2)
  Natasha (thrice) (D:3)
  4 adders
  A worm (D:3)
  3 dart slugs
  A leopard gecko (D:3)
  11 orcs
  3 bats
  3 giant cockroaches
  2 goblins
  4 hobgoblins
  9 jackals
  A quokka (D:3)
  A ball python (D:1)
  4 frilled lizards
  8 kobolds
  9 rats
  A spectral orc (D:2)
72 creatures vanquished.

Notes
Turn   | Place    | Note
-------+----------+-------------------------------------------
     0 | D:1      | MalarOregon the Ghoul Necromancer began the quest for the
                  | Orb.
     0 | D:1      | Reached XP level 1. HP: 14/14 MP: 2/2
   329 | D:1      | Reached XP level 2. HP: 16/20 MP: 0/3
  1257 | D:2      | Reached XP level 3. HP: 26/26 MP: 1/5
  1343 | D:2      | Learned a level 3 spell: Vampiric Draining
  1537 | D:2      | Noticed Terence
  1578 | D:2      | Killed Terence
  1728 | D:2      | Reached XP level 4. HP: 31/33 MP: 6/6
  2023 | D:2      | Noticed an ice beast
  2143 | D:2      | Found a hazy altar of Hepliaklqana.
  2187 | D:2      | Found a basalt altar of Yredelemnul.
  2340 | D:2      | Killed an ice beast
  2340 | D:2      | Reached skill level 5 in Necromancy
  2340 | D:2      | Reached XP level 5. HP: 12/38 MP: 1/8
  3287 | D:3      | Reached XP level 6. HP: 45/45 MP: 9/9
  3886 | D:4      | Noticed Natasha
  3966 | D:3      | Killed Natasha
  3966 | D:3      | Reached skill level 5 in Stealth
  4261 | D:3      | Noticed Natasha
  4270 | D:3      | Killed Natasha
  4623 | D:3      | Noticed Natasha
  4633 | D:3      | Killed Natasha
  4725 | D:4      | Slain by an orc

Skill      XL: |  1  2  3  4  5  6 |
---------------+-------------------+-----
Dodging        | 2 |  2.0
Spellcasting   | 2 3 |  3.7
Stealth        | 3 4 5 |  5.1
Necromancy     | 5 |  5.6

Action                   |  1- 3 |  4- 6 || total
-------------------------+-------+-------++-------
Melee: Unarmed           |    41 |       ||    41
       Hand axe          |    10 |    71 ||    81
       Whip              |       |    80 ||    80
 Cast: Pain              |    39 |       ||    39
       Vampiric Draining |     3 |    19 ||    22
 Stab: Sleeping          |     2 |     3 ||     5
  Eat: Chunk             |     5 |     9 ||    14
Armor: Robe              |     6 |    22 ||    28
Dodge: Dodged            |    36 |   121 ||   157
